 Dungeon Crawl Stone Soup version 0.15-a0-1403-g2cecdf4 (webtiles) character file.

109 Herrn the Skirmisher (level 4, -7/37 HPs)
             Began as a Demonspawn Fighter on June 11, 2014.
             Mangled by a gnoll
             ... wielding a +0,+0 spear
              (8 damage)
             ... on Level 2 of the Dungeon.
             The game lasted 00:07:26 (2094 turns).

Herrn the Skirmisher (Demonspawn Fighter)           Turns: 2094, Time: 00:07:26

HP  -7/37        AC  6     Str 17      XL: 4   Next: 60%
MP   4/4         EV  6     Int  9      God:
Gold 97          SH  9     Dex 13      Spells:  0 memorised,  3 levels left

rFire  + . .     SeeInvis .     a - +0,+1 war axe
rCold  . . .     Clarity  .     b - +0 scale mail
rNeg   . . .     rCorr    .     c - +0 shield
rPois  .         rRot     .     (no helmet)
rElec  .         Spirit   .     (no cloak)
SustAb .         Warding  .     (no gloves)
rMut   .         Rnd*Tele +     (no boots)
Gourm  .                        (no amulet)
MR     .....                    (no ring)
                                (no ring)

@: not resistant to hostile enchantments, extremely unstealthy
A: fire resistance 1, sense surroundings 1, spiny 1, spit poison 1, teleportitis
1, flame cloud immunity
a: Spit Poison


You were on level 2 of the Dungeon.
You were hungry.

You visited 1 branch of the dungeon, and saw 3 of its levels.

You collected 97 gold pieces.

Inventory:

Hand weapons
 a - a +0,+1 war axe (weapon)
Armour
 b - a +0 scale mail (worn)
 c - a +0 shield (worn)
Comestibles
 d - 7 bread rations
Scrolls
 f - a scroll of fear
 g - 4 scrolls of amnesia
 h - 2 scrolls of magic mapping
 i - 2 scrolls of enchant weapon II
 k - a scroll of blinking
 l - a scroll of fog
Potions
 e - a potion of might
 p - a potion of lignification


   Skills:
 * Level 3.7 Fighting
 * Level 2.7 Axes
 + Level 3.1 Armour
 + Level 0.5 Dodging
 + Level 3.4 Shields


You had 3 spell levels left.
You didn't know any spells.

Dungeon Overview and Level Annotations

Branches:
Dungeon (3/15)

Altars:
Okawaru
Vehumet


Innate Abilities, Weirdness & Mutations

Your flesh is heat resistant.
You are partially covered in sharp spines.
You are immune to clouds of flame.
You passively map a small area around you.
You can spit poison.
Space occasionally distorts in your vicinity.


Message History

* * * LOW HITPOINT WARNING * * *
You hit the gnoll.
The gnoll is lightly wounded.
The gnoll hits you with a spear.
* * * LOW HITPOINT WARNING * * *
You block the gnoll's attack. The gnoll hits you but does no damage.
The gnoll hits you with a spear.
* * * LOW HITPOINT WARNING * * *
You block the gnoll's attack.
You hit the gnoll but do no damage.
The gnoll is lightly wounded.
You block the gnoll's attack. The gnoll hits you but does no damage.
You block the gnoll's attack. The gnoll hits you but does no damage.
You hit the gnoll.
The gnoll is heavily wounded.
The gnoll hits you with a spear.
* * * LOW HITPOINT WARNING * * *
You block the gnoll's attack. The gnoll barely misses you.
The gnoll hits you with a spear!
You die...

#.....#_.....(((##.#
#..#####≈≈≈≈≈≈#(##.#
#..# #.#.#.##....#
#..# #############
#..##### #.#
#......# #.###
##.###(#######...#
#.##..........gg#
#.##..#########@#
#.##..###### #g#
##..........# #.#
#####..####.# #.# #
#..# #.# #.#
#####..# #.# #.#
.......####.####.#
...##............#
##.########.####.#


You could see 3 gnolls.

Vanquished Creatures
  3 gnolls (D:2)
  3 adders (D:2)
  2 worms (D:2)
  A giant gecko (D:2)
  An ooze (D:1)
  A giant cockroach (D:2)
  6 goblins
  5 hobgoblins
  8 kobolds
  2 ball pythons
  6 bats
  A giant newt (D:1)
  5 rats
44 creatures vanquished.

Notes
Turn   | Place    | Note
--------------------------------------------------------------
     0 | D:1      | Herrn, the Demonspawn Fighter, began the quest for the Orb.
     0 | D:1      | Reached XP level 1. HP: 18/18 MP: 1/1
   120 | D:1      | Gained mutation: Your flesh is heat resistant. [demonic ancestry]
   120 | D:1      | Reached XP level 2. HP: 17/24 MP: 2/2
   690 | D:2      | Gained mutation: You are immune to clouds of flame. [demonic ancestry]
   690 | D:2      | Reached XP level 3. HP: 26/29 MP: 3/3
  1116 | D:2      | Found an iron altar of Okawaru.
  1133 | D:2      | Gained mutation: You are partially covered in sharp spines. [demonic ancestry]
  1133 | D:2      | Reached XP level 4. HP: 27/35 MP: 4/4
  1329 | D:2      | Found a radiant altar of Vehumet.
  1688 | D:2      | Gained mutation: You can spit poison. [potion of mutation]
  1688 | D:2      | Gained mutation: You passively map a small area around you. [potion of mutation]
  1688 | D:2      | Gained mutation: Space occasionally distorts in your vicinity. [potion of mutation]
  1896 | D:3      | Noticed an orc warrior
  2094 | D:2      | HP: 1/37 [gnoll/spear (2)]
  2094 | D:2      | Mangled by a gnoll

Action                   |  1- 3 |  4- 6 || total
-------------------------+-------+-------++-------
Melee: War axe           |    99 |    45 ||   144
  Use: Scroll            |       |     9 ||     9
       Potion            |       |     1 ||     1
